 Dungeon Crawl Stone Soup version 0.30-a0-465-g8901f6c8b5 (webtiles) character file.

Game seed: 1085524669336615083

27701 Angani the Reanimator (level 13, -20/153 (169) HPs)
             Began as a Grey Draconian Reaver on Dec 19, 2022.
             Was an Initiate of Gozag.
             Demolished by a large abomination (27 damage)
             ... in a Gauntlet.
             The game lasted 00:59:26 (22182 turns).

Angani the Reanimator (Grey Draconian Reaver)      Turns: 22182, Time: 00:59:27

HP:   -20/153 (169) AC: 26    Str: 15    XL:     13   Next: 5%
MP:   38/38         EV:  2    Int: 19    God:    Gozag
Gold: 269           SH:  5    Dex:  9    Spells: 10/22 levels left

rFire   . . .      SeeInvis .    F - +1 morningstar (pain)
rCold   . . .      Faith    .    (no shield)
rNeg    . . .      Spirit   .    (body armour unavailable)
rPois   +          Reflect  +    (helmet currently unavailable)
rElec   .          Harm     .    (cloak currently unavailable)
rCorr   .          Rampage  .    (gloves currently unavailable)
Will    .....      NoTele   +    (boots currently unavailable)
Stlth   +++.......               h - amulet of reflection
HPRegen 0.45/turn                p - ring of magical power
MPRegen 0.26/turn                C - ring of magical power

@: tree-form, gold aura, on berserk cooldown, slowed, studying Evocations,
drained, very slow
A: stationary, stasis, torment immunity, boosted hp, AC +13, (amphibious),
unfitting armour, (cold-blooded)
a: Renounce Religion, Potion Petition, Call Merchant, Bribe Branch


You were in a Gauntlet.
You worshipped Gozag.
Gozag was aware of your devotion.
You were a tree.
You visited 3 branches of the dungeon, and saw 17 of its levels.
You also visited: Bailey, Gauntlet and Ice Cave.

You collected 3658 gold pieces.
You spent 2148 gold pieces at shops.
You paid 1241 gold pieces to Gozag.

Inventory:

Hand Weapons
 F - a +1 morningstar of pain (weapon)
 H - a +0 eveningstar of chaos
 K - the +8 whip "Snakebite" {venom, curare, rPois}
   (You found it on level 1 of the Lair of Beasts)

   It poisons the flesh of those it strikes.
   It occasionally inflicts asphyxiating poison on those it strikes, dealing
   poison damage and causing slowness.
   rPois:     It protects you from poison.
Missiles
 y - a curare-tipped dart (quivered)
Armour
 n - a +2 pair of boots (melded)
 s - the +2 cloak of the Thief (melded) {*Fog Slay-2 SInv Stlth+}
   (You found it on level 5 of the Dungeon)

   It may release a thick cloud of smoke when the wearer is hurt.
   Slay:      It affects your accuracy & damage with ranged weapons and melee
   (-2).
   SInv:      It lets you see invisible.
   Stlth:     It makes you more stealthy.
 w - the +3 hat of Pondering (melded) {ponderous, Will+ MP+10 Int+5}
   (You took it off Gastronok on level 9 of the Dungeon)

   Int:       It affects your intelligence (+5).
   MP:        It affects your magic capacity (+10).
   Will:      It increases your willpower.
Magical Staves
 b - a staff of conjuration
Jewellery
 a - a ring of poison resistance
 c - a ring of protection from cold
 d - a ring of wizardry
 f - a ring of fire
 g - a ring of protection from cold
 h - an amulet of reflection (around neck)
 p - a ring of magical power (left branch)
 C - a ring of magical power (right branch)
Wands
 t - a wand of polymorph (7)
 D - a wand of paralysis (4)
Scrolls
 e - a scroll of fear
 j - 5 scrolls of amnesia
 l - 3 scrolls of immolation
 m - 3 scrolls of vulnerability
 o - a scroll of fog
 z - 3 scrolls of teleportation
 A - 2 scrolls of enchant armour
 J - a scroll of blinking
Potions
 i - 8 potions of flight
 k - 2 potions of magic
 r - 2 potions of mutation
 B - 2 potions of invisibility
 G - a potion of haste
 I - a potion of brilliance
Miscellaneous
 u - a condenser vane (inert)


   Skills:
 - Level 10.0 Fighting
 + Level 5.9 Maces & Flails
 - Level 5.2 Dodging
 - Level 5.0 Stealth
 - Level 5.0 Spellcasting
 - Level 7.0 Conjurations
 - Level 12.1 Necromancy
 - Level 6.0 Translocations
 - Level 10.0 Evocations


You had 10 spell levels left.
You knew the following spells:

 Your Spells              Type           Power      Damage    Failure   Level
a - Kiss of Death         Conj/Necr      100%       2d13      1%          1
b - Momentum Strike       Conj/Tloc      58%        3d9       1%          2
c - Iskenderun's Mystic   Conj/Tloc      29%        2d7       9%          4
d - Agony                 Necr           50%        N/A       2%          5

Your spell library contained the following spells:

 Spells                   Type           Power      Damage    Failure   Level
 Necrotise                Necr           100%       1d9       1%          1
 Searing Ray              Conj           62%        2d6       1%          2
 Dazzling Flash           Conj/Hex       36%        N/A       9%          3
 Hailstorm                Conj/Ice       18%        3d6       9%          3
 Portal Projectile        Hex/Tloc       32%        N/A       11%         3
 Summon Small Mammal      Summ           16%        N/A       12%         1
 Iskenderun's Battlesphe  Conj           31%        2d8       19%         5
 Call Canine Familiar     Summ           4%         N/A       36%         3
 Inner Flame              Hex/Fire       4%         N/A       36%         3
 Summon Guardian Golem    Hex/Summ       4%         N/A       36%         3
 Tukima's Dance           Hex            4%         N/A       36%         3
 Fireball                 Conj/Fire      9%         3d6       63%         5
 Summon Forest            Summ/Tloc      8%         N/A       69%         5
 Cause Fear               Hex            2%         N/A       77%         4
 Leda's Liquefaction      Hex/Erth       2%         N/A       77%         4
 Summon Lightning Spire   Summ/Air       4%         N/A       77%         4
 Blade Hands              Tmut           2%         N/A       98%         5
 Silence                  Hex/Air        2%         N/A       98%         5
 Summon Mana Viper        Hex/Summ       4%         N/A       98%         5
 Conjure Ball Lightning   Conj/Air       9%         3x3d7     99%         6
 Starburst                Conj/Fire      9%         6d5       99%         6
 Orb of Destruction       Conj           15%        9d7       99%         7
 Summon Cactus Giant      Summ           2%         N/A       100%        6
 Spellforged Servitor     Conj/Summ      9%         N/A       100%        7
 Storm Form               Tmut/Air       2%         N/A       100%        7
 Discord                  Hex            2%         N/A       100%        8
 Maxwell's Capacitive Co  Air            2%         ∞         100%        8
 Fire Storm               Conj/Fire      9%         8d2       100%        9


Dungeon Overview and Level Annotations

Branches:
Dungeon (13/15)            Temple (1/1) D:4            Lair (3/5) D:9
  Snake (0/4) Lair:2          Orc (0/2) D:10         Bailey (visited)
  IceCv (visited)         Gauntlet (1/1)
  Swamp: Lair:2-3    Shoals: Lair:2-3    Vaults: D:13-14

Altars:
Ashenzari
Cheibriados
Dithmenos
Elyvilon
Fedhas
Gozag
Hepliaklqana
Kikubaaqudgha
Makhleb
Nemelex Xobeh
Okawaru
Qazlal
Ru
Sif Muna
Trog
Uskayaw
Vehumet
Wu Jian
Xom
Yredelemnul
Zin
The Shining One

Shops:
D:6 *   D:12 *

Annotations:
Lair:2 Nergalle Gauntlet 11 transporters, 1 runed translucent door, exclusion: orange crystal statue


Innate Abilities, Weirdness & Mutations

You are a tree.
Your roots penetrate the ground, keeping you stationary.
You cannot be teleported.
You are immune to unholy pain and torment.
Your maximum health is greatly increased.
Your equipment is partially melded.
((Your dull iron-grey scales are very hard. (AC +13)))
((You are amphibious.))
You cannot fit into any form of body armour.
((You are cold-blooded and may be slowed by cold attacks.))


Message History

The large abomination is no longer distracted by gold.
The large abomination is moderately damaged.
The small abomination is distracted by your dazzling golden aura.
The large abomination hits you but does no damage.
You thump the large abomination!
The large abomination is heavily damaged.
The large abomination hits you.
* * * LOW HITPOINT WARNING * * *
You hit the large abomination.
The large abomination is heavily damaged.
You block the large abomination's attack.
You puncture the large abomination!
The large abomination is severely damaged.
You are no longer berserk.
You are exhausted.
You feel yourself slow down.
The large abomination hits you but does no damage.
Unknown command.
Unknown command.
You feel better.
The small abomination is no longer distracted by gold.
The small abomination is distracted by your dazzling golden aura.
The large abomination hits you!
* * * LOW HITPOINT WARNING * * *
Unknown command.
Unknown command.
Okay, then.
Aiming: Paralyse
Press: ? - help, Shift-Dir - straight line, f - large abomination
Aim: a large abomination (severely damaged, chance to affect: 10%)
The large abomination resists with almost no effort.
The large abomination hits you.
* * * LOW HITPOINT WARNING * * *
The large abomination barely misses you.
Clouds of flame condense around you!
The condenser dries out!
The small abomination is engulfed in blazing flames.
The large abomination is engulfed in blazing flames.
The large abomination hits you!!
You die...
Your body crumbles into a pile of gold.

##§#≈#≈#≈#≈#≈#≈#.........
#≈.................∩..8..
##.8.....8.....8......©..
#≈.......©.......########
##...#########...#222....
#≈...#...§§..#...#3#.....
##...#.##x§#.#...#.##...#
#≈...#§##XX§.#...#..##.##
##.8.#..♣###.#.8.#....©..
#≈...#..$###.#...#..#####
##...#...###.#...#.##...#
#≈...#.=.©!!.#...#.#.....
##...#########...#..:=©.[
#≈.....#.©.#.....########
##.8...#.8.#...8....#.©.#
##......#.©.#........#...#
#≈...###########.....#.©.#


You could see 2 large abominations and a small abomination.

Vanquished Creatures
  Gastronok (D:9)
  A hydra (Lair:2)
  2 centaur warriors (D:12)
  A two-headed ogre (D:11)
  A death yak (Lair:1)
  5 elephants
  An ice statue (IceCv)
  2 black mambas (Lair:1)
  Maggie (D:9)
  A torpor snail (Lair:2)
  4 cane toads
  2 gargoyles
  A freezing wraith (IceCv)
  4 ice devils (IceCv)
  2 anaconda simulacra (IceCv)
  4 komodo dragons
  2 unseen horrors
  3 trolls
  Grinder (D:6)
  A hornet (D:7)
  4 blink frogs (Lair:1)
  A slime creature (D:12)
  A shadow (D:11)
  A dire elephant simulacrum (IceCv)
  2 wyverns
  27 yaks
  A hog (D:11)
  A wraith (D:11)
  4 harpy simulacra (IceCv)
  2 nagas (Lair:2)
  4 water moccasins
  3 hydra simulacra (IceCv)
  Duvessa (D:5)
  3 black bears
  8 orc warriors
  An ice beast (D:6)
  A sky beast (D:7)
  An ogre (D:5)
  6 wolves (Lair:2)
  9 centaurs (D:12)
  A phantom (D:5)
  2 kobold brigands
  5 bullfrogs
  A gnoll sergeant (D:7)
  A two-headed ogre simulacrum (IceCv)
  2 small abominations (Gauntlet)
  A necrophage (D:6)
  8 scorpions
  25 wights
  Dowan (D:5)
  11 killer bees
  9 vampire bats (Bailey)
  A howler monkey (D:10)
  7 wolf zombies (Bailey)
  8 orc priests
  2 jellies (D:6)
  A gnoll bouda (D:4)
  4 hounds
  Jessica (D:2)
  Ijyb (D:5)
  5 iguanas
  7 orc wizards
  A polar bear simulacrum (IceCv)
  A troll simulacrum (IceCv)
  A spriggan simulacrum (IceCv)
  14 gnolls
  13 adders
  A naga simulacrum (IceCv)
  2 shadow imps
  3 white imps
  An ufetubus (D:5)
  2 dart slugs
  55 orcs
  6 ball pythons
  5 bats
  5 endoplasms
  7 giant cockroaches (D:2)
  10 goblins
  9 hobgoblins
  7 jackals
  A quokka (D:4)
  3 frilled lizards (D:2)
  25 kobolds
  20 orc zombies (Bailey)
  10 rats
  A butterfly (D:4)
428 creatures vanquished.

Vanquished Creatures (others)
  An orc wizard (D:6)
  51 fungi
  60 plants
112 creatures vanquished.

Grand Total: 540 creatures vanquished

Notes
Turn   | Place    | Note
-------+----------+-------------------------------------------
     0 | D:1      | Angani the Draconian Reaver began the quest for the Orb.
     0 | D:1      | Reached XP level 1. HP: 17/17 MP: 3/3
   348 | D:1      | Reached XP level 2. HP: 22/24 MP: 5/5
   379 | D:1      | Learned a level 2 spell: Momentum Strike
   677 | D:1      | Reached skill level 1 in Stealth
  1144 | D:2      | Reached XP level 3. HP: 25/29 MP: 6/6
  1415 | D:2      | Found a faded altar of an unknown god.
  1617 | D:3      | Noticed Jessica
  1631 | D:2      | Killed Jessica
  1632 | D:2      | Reached XP level 4. HP: 10/36 MP: 4/7
  1954 | D:3      | Reached XP level 5. HP: 16/41 MP: 8/8
  2670 | D:4      | Found a staircase to the Ecumenical Temple.
  2676 | Temple   | Entered the Ecumenical Temple
  2889 | Temple   | Became a worshipper of Gozag Ym Sagoz the Greedy
  3023 | D:4      | Reached skill level 1 in Evocations
  3210 | D:4      | Reached XP level 6. HP: 39/48 MP: 9/9
  3279 | D:5      | Entered Level 5 of the Dungeon
  3781 | D:4      | Reached skill level 5 in Maces & Flails
  4017 | D:5      | Your scales start taking on a dull iron-grey colour.
  4017 | D:5      | Reached XP level 7. HP: 50/56 MP: 11/11
  4263 | D:5      | Found the +2 cloak of the Thief {*Fog Slay-2 SInv Stlth+}
  4279 | D:5      | Noticed Ijyb
  4294 | D:5      | Killed Ijyb
  4561 | D:5      | Noticed Duvessa
  4600 | D:5      | Killed Duvessa
  5314 | D:5      | Reached XP level 8. HP: 39/66 MP: 10/13
  5435 | D:5      | Noticed Dowan
  5439 | D:5      | Killed Dowan
  5571 | D:5      | Noticed Sigmund
  5573 | D:5      | Sigmund changed into Sigmund the hound
  5573 | D:5      | Noticed Sigmund
  5578 | D:5      | Killed Sigmund the hound
  5579 | D:5      | Reached skill level 5 in Stealth
  5593 | D:5      | Learned a level 4 spell: Iskenderun's Mystic Blast
  5949 | D:6      | Reached skill level 5 in Fighting
  6097 | D:6      | Reached skill level 5 in Evocations
  6141 | D:6      | Reached skill level 1 in Translocations
  6243 | D:6      | Reached skill level 5 in Conjurations
  6512 | D:6      | Noticed Grinder
  6523 | D:6      | Killed Grinder
  6524 | D:6      | Reached XP level 9. HP: 67/74 MP: 13/15
  7384 | D:6      | Found Wol Caul's Neck Hole.
  7404 | D:6      | Bought an amulet of reflection for 420 gold pieces
  7404 | D:6      | Bought a scarf of shadows for 168 gold pieces
  7480 | D:6      | Found a snail-covered altar of Cheibriados.
  7486 | D:6      | Found a glowing golden altar of the Shining One.
  7489 | D:6      | Found a sacrificial altar of Ru.
  7489 | D:6      | Found a shadowy altar of Dithmenos.
  7496 | D:6      | Found a stormy altar of Qazlal.
  7723 | D:7      | Found a flagged portal.
  7736 | D:6      | Reached skill level 5 in Translocations
  7777 | Bailey   | Entered a bailey
  8431 | Bailey   | Identified the +4 scale mail "Anosefon" {*Slow +Inv Int+8
                  | Dex+2}
  8660 | Bailey   | Noticed a gargoyle
  8713 | Bailey   | Killed a gargoyle
  8949 | Bailey   | HP: 1/75 [vampire/vampiric draining (10)]
  9334 | D:7      | Reached XP level 10. HP: 82/84 MP: 16/16
 10487 | D:8      | Reached skill level 5 in Dodging
 10610 | D:8      | Found a burning altar of Makhleb.
 10616 | D:8      | Found a glowing silver altar of Zin.
 10616 | D:8      | Noticed a balrug
 10616 | D:8      | Noticed an angel
 11851 | D:9      | Found a staircase to the Lair.
 11879 | D:9      | Noticed Gastronok
 11913 | D:9      | Reached skill level 5 in Spellcasting
 12357 | D:9      | Killed Gastronok
 12358 | D:9      | Reached XP level 11. HP: 69/99 MP: 13/18
 12515 | D:9      | Noticed Maggie
 12537 | D:9      | Killed Maggie
 13010 | D:9      | Reached skill level 10 in Fighting
 13010 | D:9      | Reached skill level 1 in Necromancy
 13405 | D:10     | Entered Level 10 of the Dungeon
 13618 | D:10     | Found a staircase to the Orcish Mines.
 13631 | D:10     | Reached skill level 2 in Necromancy
 13968 | D:10     | Reached skill level 3 in Necromancy
 14140 | D:10     | Identified the +1 leather armour of Gallantry {Rampage}
 14145 | D:10     | Identified a scroll of acquirement
 14146 | D:10     | Acquired the Disquisition on Battle Magic and Sinister
                  | Magic
 14334 | D:10     | Identified the +3 chain mail of Arawag {rElec Int-3 Dex+2
                  | SInv}
 14532 | D:11     | Found a frozen archway.
 14569 | IceCv    | Entered an ice cave
 14731 | IceCv    | Reached skill level 4 in Necromancy
 15424 | IceCv    | Reached skill level 5 in Necromancy
 16218 | IceCv    | Noticed a bog body
 16218 | IceCv    | Noticed a necromancer
 16884 | D:11     | Reached skill level 6 in Necromancy
 17115 | D:11     | Noticed a two-headed ogre
 17121 | D:11     | Killed a two-headed ogre
 17720 | D:12     | Noticed a centaur warrior
 17728 | D:12     | Reached XP level 12. HP: 81/106 MP: 19/19
 17731 | D:12     | Killed a centaur warrior
 17993 | D:12     | Found Taig Osch's Demolitions Depot.
 18002 | D:12     | Noticed a centaur warrior
 18019 | D:12     | Killed a centaur warrior
 18020 | D:12     | Reached skill level 7 in Necromancy
 18020 | D:12     | Reached skill level 10 in Evocations
 18267 | D:12     | Bought a manual of Evocations for 1040 gold pieces
 18675 | Lair:1   | Entered Level 1 of the Lair of Beasts
 18786 | Lair:1   | Reached skill level 8 in Necromancy
 19013 | Lair:1   | Reached skill level 9 in Necromancy
 19408 | Lair:1   | Learned a level 5 spell: Agony
 19774 | Lair:1   | Found the +8 whip "Snakebite" {venom, curare, rPois}
 19911 | Lair:2   | Noticed a seven-headed hydra
 19953 | Lair:2   | Noticed Nergalle
 19957 | Lair:2   | Reached skill level 10 in Necromancy
 19963 | Lair:2   | Noticed a death yak
 20109 | Lair:2   | Noticed a death yak
 20111 | Lair:2   | Noticed a death yak
 20146 | Lair:1   | Killed a death yak
 20161 | Lair:1   | Reached skill level 11 in Necromancy
 20347 | Lair:2   | Killed a seven-headed hydra
 20782 | Lair:2   | Reached skill level 12 in Necromancy
 20951 | D:12     | Bought a condenser vane for 520 gold pieces
 21081 | Lair:2   | Reached XP level 13. HP: 113/113 MP: 20/20
 21358 | Lair:2   | Found a staircase to the Snake Pit.
 21707 | Lair:2   | You fall into a shaft and drop 1 floor!
 21838 | Lair:3   | Found a gate leading to a gauntlet.
 21847 | Gauntlet | Entered a Gauntlet
 21847 | Gauntlet | Found a transporter.
 21850 | Gauntlet | Found a transporter.
 21867 | Gauntlet | Found a transporter.
 21870 | Gauntlet | Found a transporter.
 21888 | Gauntlet | Found a transporter.
 21900 | Gauntlet | Found a transporter.
 21905 | Gauntlet | Found a transporter.
 21909 | Gauntlet | Found a transporter.
 21937 | Gauntlet | Found a transporter.
 21942 | Gauntlet | Found a transporter.
 21942 | Gauntlet | Found a transporter.
 21950 | Gauntlet | Found a runed translucent door.
 21958 | Gauntlet | Found a transporter.
 22180 | Gauntlet | HP: 6/153 [large abomination (15)]
 22182 | Gauntlet | Demolished by a large abomination

Illustrated notes

Levels and vault maps discovered:
D:1:      amcnicky_arrival_double_pillar, layout_basic, serial_bayou_lagoon_a
D:2:      minmay_roachtagon, layout_rooms, hellmonk_ecumenical_altar_dog_temple
D:3:      layout_rooms, solitary_fountain, uniq_jessica
D:4:      layout_basic, minmay_temple_entry_butterflies, minmay_quantized
D:5:      corexii_shantytown, layout_loops_corners, uniq_duvessa, uniq_ijyb,
          uniq_sigmund
D:6:      layout_loops_corners, nicolae_overflow_hallway_of_the_gods,
          serial_bayou_pond_a, kennysheep_decorative_pillar,
          kennysheep_another_room, grunt_ministairs_11,
          nicolae_shop_sticking_my_neck_out, uniq_grinder
D:7:      layout_basic, enter_bailey_2
D:8:      layout_layer_cave, grunt_temple_overflow_order_and_chaos_2
D:9:      layout_basic, due_lair_maze_entry_diamond, uniq_maggie, uniq_gastronok
D:10:     layout_gridville, david_orc_2
D:11:     layout_loops_ring, portal_ice_cave_entry_pillars_1
D:12:     layout_gridville, nicolae_blasting_shop
D:13:     layout_basic, erik_vaults_2, uniq_snorg, uniq_kirke
Temple:   regret_index_temple_generic_petals
Lair:1:   minmay_guarded_unrand_snakebite, layout_misc_corridors
Lair:2:   layout_regular_city, guppyfry_snake_entry_island,
          infiniplex_staircase_pool_2, grunt_megastairs_2, uniq_nergalle
Lair:3:   layout_regular_city, skrybe_swamp_entry_bodies, gauntlet_entry_generic
Gauntlet: minmay_gauntlet_mixed_oops_all_seconds [minmay_gauntlet_arena_77_box,
          gammafunk_gauntlet_arena_split_x,
          minmay_gauntlet_arena_77_block_sizes, nicolae_gauntlet_arena_quarters,
          minmay_gauntlet_arena_77_path, nicolae_gauntlet_swirl,
          nicolae_gauntlet_exit_dead_adventurers]

Skill      XL: |  1  2  3  4  5  6  7  8  9 10 11 12 |
---------------+-------------------------------------+-----
Stealth        | 1 2 3 4 5 |  5.0
Maces & Flails | 4 5 |  5.9
Conjurations   | 4 5 7 |  7.0
Evocations     | 1 2 3 5 6 9 10 | 10.0
Spellcasting   | 3 4 5 |  5.0
Fighting       | 3 5 6 9 10 | 10.0
Translocations | 3 6 |  6.0
Dodging        | 3 5 |  5.2
Necromancy     | 6 12 | 12.1

Action                   |  1- 3 |  4- 6 |  7- 9 | 10-12 | 13-15 || total
-------------------------+-------+-------+-------+-------+-------++-------
Melee: Mace              |   172 |    15 |       |       |       ||   187
       Tailslap          |    12 |    25 |    74 |   105 |     7 ||   223
       Punch             |     3 |     1 |     6 |    14 |     1 ||    25
       Morningstar       |       |   172 |   642 |   664 |    47 ||  1525
       Eveningstar       |       |       |       |    15 |       ||    15
       Whip              |       |       |       |    22 |    27 ||    49
Throw: Dart              |       |     5 |     6 |    10 |     3 ||    24
       Throwing net      |       |       |     2 |       |       ||     2
 Cast: Momentum Strike   |     1 |     8 |     8 |     1 |       ||    18
       Iskenderun's Myst |       |       |    18 |   206 |       ||   224
       Agony             |       |       |       |     3 |       ||     3
Invok: Potion Petition   |       |       |     1 |     3 |       ||     4
Evoke: Wand              |       |     5 |    10 |    18 |     3 ||    36
       Condenser vane    |       |       |       |       |     1 ||     1
  Use: Potion            |       |     6 |     8 |     2 |     3 ||    19
       Scroll            |       |    12 |     7 |    11 |     1 ||    31
 Stab: Sleeping          |       |     2 |    19 |    10 |     2 ||    33
       Distracted        |       |     1 |       |     2 |       ||     3
Armor: Skin              |    77 |    85 |   392 |   480 |    34 ||  1068
Dodge: Dodged            |   177 |   142 |   446 |   545 |    45 ||  1355
Block: Other             |       |       |    59 |   226 |    16 ||   301
       Reflection        |       |       |     1 |     9 |     1 ||    11

Table legend: (Time is in decaauts)
 A = Elapsed time spent in this place.
 B = Non-inter-level travel time spent in this place.
 C = Inter-level travel time spent in this place.
 D = Time resting spent in this place.
 E = Time spent auto-exploring this place.
 F = Levels seen in this place.
 G = Mean time per level.
                   A        B        C        D        E       F      G
               +--------+--------+--------+--------+--------+-----+--------+
         Total |  23006 |  22130 |    876 |   6515 |   9388 |  20 | 1150.3 |
       Dungeon |  15433 |  14795 |    638 |   2788 |   8301 |  13 | 1187.2 |
        Temple |    249 |    197 |     52 |      0 |    191 |   1 |  249.0 |
          Lair |   3141 |   2956 |    185 |   1394 |    742 |   3 | 1047.0 |
        Bailey |   1423 |   1423 |      0 |    702 |      0 |   1 | 1423.0 |
      Ice Cave |   2392 |   2392 |      0 |   1630 |      0 |   1 | 2392.0 |
      Gauntlet |    365 |    365 |      0 |      0 |    154 |   1 |  365.0 |
               +--------+--------+--------+--------+--------+-----+--------+

Top non-repeatable levels by time:
  Lair:1: 2443 daAuts
   IceCv: 2392 daAuts
     D:5: 2209 daAuts
     D:6: 1792 daAuts
     D:8: 1769 daAuts
     D:9: 1736 daAuts
  Bailey: 1423 daAuts
    D:10: 1201 daAuts
    D:11: 1102 daAuts
     D:1: 1035 daAuts
     D:4: 1026 daAuts
    D:12: 978 daAuts
     D:7: 950 daAuts
     D:3: 830 daAuts
     D:2: 794 daAuts
